 Dungeon Crawl Stone Soup version 0.23-a0-636-g0ff6057 (webtiles) character file.

2187 4thArraOfDagon the Twirler (level 9, -3/69 HPs)
             Began as a Mummy Enchanter on Dec 28, 2018.
             Was a Follower of Makhleb.
             Slain by an orc warrior
             ... wielding a +0 war axe
              (22 damage)
             ... on level 10 of the Dungeon.
             The game lasted 00:31:38 (8686 turns).

4thArraOfDagon the Twirler (Mummy Enchanter)        Turns: 8686, Time: 00:31:39

Health: -3/69      AC:  4    Str: 11    XL:     9   Next: 11%
Magic:  14/19      EV: 12    Int: 23    God:    Makhleb [*.....]
Gold:   358        SH:  0    Dex: 13    Spells: 7/13 levels left

rFire    x . .     SeeInvis .   k - +6 Majin-Bo {vamp, Archmagi MP+6 Int+6}
rCold    + . .     Gourm    .   (shield currently unavailable)
rNeg     + + +     Faith    +   t - +0 robe "Ifuloy" {rPois MR+}
rPois    ∞         Spirit   .   w - +2 hat
rElec    .         Reflect  .   (no cloak)
rCorr    .         Harm     .   (no gloves)
MR       +++..                  (no boots)
Stlth    ++........             m - amulet of faith
HPRegen  0.21/turn              v - ring of protection from magic
MPRegen  0.16/turn              (no ring)

@: very slightly contaminated
A: no food or potions, fire vulnerability, cold resistance 1, negative energy
resistance 3, torment resistance, unbreathing
a: Renounce Religion


You were on level 10 of the Dungeon.
You worshipped Makhleb.
Makhleb was aware of your devotion.
You were not hungry.

You visited 2 branches of the dungeon, and saw 11 of its levels.

You collected 358 gold pieces.

Inventory:

Hand Weapons
 a - a +1 dagger
 f - a +1 dagger of chaos
 k - the +6 Majin-Bo (weapon) {vamp, Archmagi MP+6 Int+6}
   (You found it on level 3 of the Dungeon)

   It inflicts no extra harm, but heals its wielder when it wounds a living foe.
   It affects your intelligence (+6).
   It affects your magic capacity (+6).
 p - a +0 club of chaos
 u - a +0 dagger of venom
Missiles
 n - 8 curare-tipped needles
 o - a throwing net (quivered)
Armour
 b - a +0 robe
 d - a +0 ring mail
 j - a +0 helmet
 t - the +0 robe "Ifuloy" (worn) {rPois MR+}
   (You found it on level 4 of the Dungeon)

   It protects you from poison.
   It affects your resistance to hostile enchantments.
 w - a +2 hat (worn)
 z - a +1 hat
Jewellery
 m - an amulet of faith (around neck)
 v - a ring of protection from magic (left hand)
Wands
 y - a wand of polymorph (6)
Scrolls
 c - 2 scrolls of enchant weapon
 e - 3 scrolls of fear
 g - a scroll of amnesia
 h - a scroll of magic mapping
 i - 2 scrolls of fog
 l - a scroll of random uselessness
 q - 2 scrolls of immolation
 r - 3 scrolls of remove curse
 s - 2 scrolls of enchant armour
 x - 2 scrolls of identify


   Skills:
 + Level 5.6 Fighting
 - Level 3.8 Short Blades
 * Level 6.8 Staves
 - Level 1.1 Armour
 - Level 2.0 Dodging
 - Level 2.4 Stealth
 - Level 2.6 Spellcasting
 - Level 2.6 Hexes
 + Level 3.4 Invocations


You had 7 spell levels left.
You knew the following spells:

 Your Spells              Type           Power        Failure   Level  Hunger
a - Corona                Hex            ###....      4%          1    N/A
b - Ensorcelled Hibernat  Hex/Ice        ##....       11%         2    N/A
c - Confuse               Hex            ###.....     12%         3    N/A

Your spell library contained the following spells:

 Spells                   Type           Power        Failure   Level  Hunger
 Confusing Touch          Hex            ###...       4%          1    N/A
 Tukima's Dance           Hex            ###.....     12%         3    N/A
 Dazzling Spray           Conj/Hex       ##....       21%         3    N/A
 Gell's Gravitas          Tloc           #.........   34%         3    N/A
 Petrify                  Tmut/Erth      #.......     75%         4    N/A
 Metabolic Englaciation   Hex/Ice        ##........   88%         5    N/A
 Yara's Violent Unravell  Hex/Tmut       ##........   88%         5    N/A
 Irradiate                Conj/Tmut      #.........   97%         5    N/A
 Hydra Form               Tmut           Unusable     N/A         6    N/A
 Statue Form              Tmut/Erth      Unusable     N/A         6    N/A
 Dragon Form              Tmut           Unusable     N/A         7    N/A

Dungeon Overview and Level Annotations

Branches:
Dungeon (10/15)            Temple (1/1) D:5
   Lair: D:8-11         Orc: D:9-12

Altars:
Dithmenos
Gozag
Hepliaklqana
Kikubaaqudgha
Makhleb
Qazlal
Ru
Sif Muna
Xom

Annotations:
D:1 exclusion: downstairs
D:4 exclusion: upstairs
D:7 2 transporters, Joseph; Leeroy's ghost, novice BaSk; Prince Ribbit


Innate Abilities, Weirdness & Mutations

You do not eat or drink.
Your flesh is vulnerable to fire.
You are immune to poison.
Your flesh is cold resistant. (rC+)
You are immune to negative energy. (rN+++)
You are immune to unholy pain and torment.
You can survive without breathing.


Message History

The orc warrior is heavily wounded.
You sock the orc warrior!
You feel better.
The orc warrior is almost dead.
The orc warrior hits you with a +0 war axe!!
The orc wizard gestures wildly while chanting.
The orc wizard blinks!
You hit the orc warrior but do no damage.
The orc warrior is almost dead.
The orc wizard gestures wildly while chanting.
The orc wizard blinks!
The orc warrior hits you with a +0 war axe!
* * * LOW HITPOINT WARNING * * *
The orc wizard hits you with a +0 dagger.
* * * LOW HITPOINT WARNING * * *
Unknown command.
You hit the orc warrior but do no damage.
The orc warrior is almost dead.
The orc wizard barely misses you.
The orc warrior hits you with a +0 war axe!!
You die...

####### ########## #....!.
#.....!..# #......
#......÷.### #......
#.>........# #......
#........#.#### #......
###§.......#....<
'......###o.........#####.
#......oo@.#........# ##
#......##########.###
##'#### ..# #'##
#####+#### #........#
#oo.....%# #.<.W....#


You could see an orc warrior (confused), an orc wizard and an orc.

Vanquished Creatures
  The ghost of Killmatronix the Slinger, a novice HaHu (D:3)
  A water moccasin (D:5)
  A sky beast (D:8)
  A phantom (D:10)
  5 bullfrogs
  A jelly (D:5)
  A scorpion (D:5)
  5 killer bees (D:10)
  A howler monkey (D:3)
  3 crimson imps
  An orc priest (D:7)
  8 orc wizards
  3 bullfrog skeletons
  2 hounds (D:6)
  Natasha (twice) (D:2)
  5 worker ants
  2 hound zombies
  A hound skeleton (D:5)
  10 adders
  2 gnolls (D:3)
  2 shadow imps
  An ooze (D:2)
  An adder zombie (D:6)
  2 worms
  2 dart slugs (D:2)
  3 leopard geckos
  22 orcs
  2 ball pythons (D:2)
  8 bats
  4 giant cockroaches
  3 hobgoblins (D:2)
  20 jackals
  4 quokkas
  6 frilled lizards
  9 goblins
  9 kobolds
  A quokka skeleton (D:4)
  A quokka zombie (D:6)
  2 rats
158 creatures vanquished.

Notes
Turn   | Place    | Note
-------+----------+-------------------------------------------
     0 | D:1      | 4thArraOfDagon the Mummy Enchanter began the quest for the
                  | Orb.
     0 | D:1      | Reached XP level 1. HP: 13/13 MP: 4/4
   163 | D:1      | Reached skill level 1 in Short Blades
   508 | D:1      | Reached XP level 2. HP: 16/19 MP: 2/5
   512 | D:1      | Learned a level 2 spell: Ensorcelled Hibernation
   944 | D:1      | Reached XP level 3. HP: 17/24 MP: 0/7
   986 | D:2      | Noticed Natasha
  1501 | D:2      | Learned a level 3 spell: Confuse
  1746 | D:2      | Reached XP level 4. HP: 30/30 MP: 6/8
  2067 | D:3      | Found an opulent altar of Gozag.
  2681 | D:3      | Found a runed door.
  2683 | D:3      | Found the +6 Majin-Bo {vamp, Archmagi MP+6 Int+6}
  2685 | D:3      | Noticed Killmatronix's ghost (novice HaHu)
  2823 | D:3      | Found a shimmering altar of Xom.
  2869 | D:3      | Reached XP level 5. HP: 25/36 MP: 0/9
  3319 | D:2      | Killed Natasha
  3398 | D:3      | Reached skill level 1 in Fighting
  3785 | D:4      | Reached skill level 1 in Staves
  4052 | D:4      | Reached skill level 1 in Armour
  4179 | D:4      | Got a ripped robe
  4190 | D:4      | Identified the cursed +0 robe "Ifuloy" {rPois MR+} (You
                  | found it on level 4 of the Dungeon)
  4207 | D:5      | Entered Level 5 of the Dungeon
  4215 | D:5      | Reached XP level 6. HP: 23/43 MP: 10/10
  4559 | D:4      | Reached skill level 2 in Staves
  4875 | D:6      | Reached skill level 3 in Staves
  4900 | D:6      | Reached XP level 7. HP: 45/51 MP: 11/11
  5179 | D:5      | Reached skill level 4 in Staves
  5371 | D:5      | Found a staircase to the Ecumenical Temple.
  5402 | Temple   | Entered the Ecumenical Temple
  5408 | Temple   | Became a worshipper of Makhleb the Destroyer
  6417 | D:3      | Reached XP level 8. HP: 60/60 MP: 12/12
  6659 | D:2      | Noticed Natasha
  6667 | D:2      | Killed Natasha
  6847 | D:3      | Killed Killmatronix's ghost
  6847 | D:3      | Reached skill level 5 in Staves
  6847 | D:3      | Reached skill level 1 in Invocations
  7422 | D:7      | Noticed Joseph
  7630 | D:7      | Noticed a hippogriff
  7733 | D:7      | Noticed Prince Ribbit
  7777 | D:7      | Reached skill level 5 in Fighting
  7810 | D:7      | Reached skill level 6 in Staves
  7822 | D:7      | Found a transporter.
  7823 | D:7      | Noticed Leeroy's ghost (novice BaSk)
  7828 | D:7      | Found a transporter.
  8025 | D:8      | Found a burning altar of Makhleb.
  8128 | D:9      | Reached * piety under Makhleb
  8267 | D:10     | Entered Level 10 of the Dungeon
  8334 | D:10     | Reached XP level 9. HP: 56/68 MP: 13/13
  8686 | D:10     | Slain by an orc warrior

Vault maps used:
D:1:      dpeg_arrival_solitude, supply_closet_lemuel
D:2:      first_ration, uniq_natasha
D:3:      nicolae_overflow_crystal_walls, ebering_ghost_inner_flame, tgw_xom
D:4:      minmay_misc_feat_doors, grunt_decor_one_mirror
D:5:      temple_fountains, kennysheep_generic_room_6
D:7:      gammafunk_ghost_smash, uniq_prince_ribbit1, uniq_joseph, uniq_harold
D:8:      erik_lair_orcish_takeover, basic_altar
D:9:      minitemple, ebering_ghost_reflecting_pool, david_nohive_1,
          fungi_pond_lemuel, hangedman_abyss_or_decor_stabs,
          minmay_misc_feat_roman
D:10:     orc_0_dummy, uniq_maurice
Temple:   eino_narrow_crystal_temple

Skill      XL: |  1  2  3  4  5  6  7  8 |
---------------+-------------------------+-----
Short Blades   | 1 2 3 |  3.8
Fighting       | 1 2 4 5 |  5.6
Staves         | 1 3 4 6 |  6.8
Dodging        | 2 |  2.0
Armour         | 1 |  1.1
Invocations    | 3 |  3.4
Stealth        | |  2.4
Spellcasting   | |  2.6
Hexes          | |  2.6

Action                   |  1- 3 |  4- 6 |  7- 9 || total
-------------------------+-------+-------+-------++-------
Melee: Dagger            |   146 |   101 |       ||   247
       Quarterstaff      |       |   119 |   224 ||   343
Throw: Stone             |     5 |       |       ||     5
 Cast: Corona            |    31 |    21 |    56 ||   108
       Ensorcelled Hiber |    11 |    15 |       ||    26
       Confuse           |       |     8 |    18 ||    26
  Use: Scroll            |     2 |     5 |     3 ||    10
 Stab: Sleeping          |     4 |     8 |     3 ||    15
       Confused          |       |     3 |     9 ||    12
Armor: Ring mail         |   134 |    26 |       ||   160
       Robe              |       |    23 |    35 ||    58
Dodge: Dodged            |   143 |   113 |   130 ||   386

Table legend:
 A = Non-vault XP
 B = Vault XP
 C = Vault XP percentage of total XP
 D = Non-vault monster count
 E = Vault monster count
 F = Vault count percentage of total count
                 A         B        C        D         E       F
            +---------+---------+-------+---------+---------+-------
      Total |    2495 |     630 |  20.2 |     152 |       6 |   3.8
            +---------+---------+-------+---------+---------+-------
        D:1 |      46 |       0 |   0.0 |      14 |       0 |   0.0
        D:2 |     137 |      33 |  19.4 |      32 |       1 |   3.0
        D:3 |      98 |     444 |  81.9 |      27 |       4 |  12.9
        D:4 |     140 |       0 |   0.0 |      15 |       0 |   0.0
        D:5 |     398 |     153 |  27.8 |      20 |       1 |   4.8
        D:6 |     555 |       0 |   0.0 |      22 |       0 |   0.0
        D:7 |     364 |       0 |   0.0 |      10 |       0 |   0.0
        D:8 |     127 |       0 |   0.0 |       1 |       0 |   0.0
        D:9 |      75 |       0 |   0.0 |       3 |       0 |   0.0
       D:10 |     555 |       0 |   0.0 |       8 |       0 |   0.0
            +---------+---------+-------+---------+---------+-------
